 Dungeon Crawl Stone Soup version 0.26-a0-1129-gc5df7fbe6a (webtiles) character file.

Game seed: 7760730884533087850

130 Flubber the Poker (level 5, -2/41 HPs)
             Began as a Merfolk Gladiator on Dec 18, 2020.
             Killed by divine providence
             ... invoked by an orc priest
              (10 damage)
             ... on level 3 of the Dungeon.
             The game lasted 00:07:46 (2114 turns).

Flubber the Poker (Merfolk Gladiator)               Turns: 2114, Time: 00:07:46

Health: -2/41      AC:  7    Str: 15    XL:     5   Next: 14%
Magic:  5/5        EV: 15    Int: 13    God:
Gold:   139        SH:  0    Dex: 22    Spells: 4/4 levels left

rFire    . . .     SeeInvis .   l - +0 spear
rCold    . . .     Faith    .   (no shield)
rNeg     . . .     Spirit   .   b - +0 leather armour
rPois    .         Reflect  .   c - +0 helmet
rElec    .         Harm     .   C - +0 cloak
rCorr    .         Rampage  .   y - +0 pair of gloves
Will     .....                  x - +0 pair of boots
Stlth    ++........             e - amulet of regeneration
HPRegen  0.53/turn              h - +6 ring of intelligence
MPRegen  0.09/turn              z - +6 ring of dexterity

@: no status effects
A: change form in water, swift swim, stealthy swim
a: no special abilities


You were on level 3 of the Dungeon.
You visited 1 branch of the dungeon, and saw 3 of its levels.

You collected 139 gold pieces.

Inventory:

Hand Weapons
 a - a +0 trident
 l - a +0 spear (weapon)
Missiles
 d - 3 throwing nets
 i - 119 stones (quivered)
 q - 18 poisoned darts
Armour
 b - a +0 leather armour (worn)
 c - a +0 helmet (worn)
 x - a +0 pair of boots (worn)
 y - a +0 pair of gloves (worn)
 C - a +0 cloak (worn)
Jewellery
 e - an amulet of regeneration (around neck)
 h - a +6 ring of intelligence (left hand)
 t - an uncursed ring of fire
 z - a +6 ring of dexterity (right hand)
Wands
 A - a wand of paralysis (10)
Scrolls
 f - 2 scrolls of remove curse
 g - a scroll of magic mapping {unknown}
 k - 2 scrolls of teleportation {unknown}
 m - a scroll of enchant armour {unknown}
 n - a scroll of enchant weapon {unknown}
 o - 2 scrolls of identify {unknown}
 p - a scroll of amnesia {unknown}
 s - a scroll of immolation {unknown}
 v - a scroll of noise {unknown}
 B - a scroll of fog {unknown}
Potions
 j - 3 potions of flight {unknown}
 r - a potion of lignification {unknown}
 u - a potion of magic {unknown}
 w - a potion of invisibility {unknown}


   Skills:
 + Level 3.2 Fighting
 * Level 6.2 Polearms
 + Level 2.7 Throwing
 + Level 4.9 Dodging


You had 4 spell levels left.
You didn't know any spells.
Your spell library was empty.

Dungeon Overview and Level Annotations

Branches:
Dungeon (3/15)

Altars:
Xom


Message History

The orc wizard is moderately wounded.
The orc wizard hits you but does no damage.
You hit the orc.
The orc is heavily wounded.
The orc hits you but does no damage.
The orc wizard hits you with a +0 dagger.
You hit the orc.
The orc is severely wounded.
The orc wizard points at you and mumbles some strange words.
The puff of flame hits you. The orc misses you.
The orc priest looks satisfied for a moment.
The orc priest invokes the aid of Beogh against you.
Beogh smites you!
* * * LOW HITPOINT WARNING * * *
The orc hits you but does no damage.
You hit the orc but do no damage.
The orc is severely wounded.
The orc priest mumbles some strange prayers to Beogh against you.
Beogh smites you!
You die...

#....####.....### ###
#....# #.....# ....
#....# #.....####....
#....# #.............
###### ###...........
####...........
...............
###########..........
........@ooo.##.##.#.
.###########.)...#.#.#
#....<((..#
............#
.....###.....#
........ ........#
.o....## #....####
...... .....+ ......
#....#


You could see an orc priest, an orc wizard (fast) and an orc.

Vanquished Creatures
  An adder (D:2)
  4 gnolls (D:2)
  2 oozes
  6 dart slugs
  A leopard gecko (D:1)
  An orc (D:2)
  2 ball pythons (D:1)
  2 bats
  3 giant cockroaches (D:2)
  6 goblins
  8 hobgoblins
  4 jackals
  6 kobolds
  A quokka (D:2)
  3 frilled lizards
  9 rats
59 creatures vanquished.

Vanquished Creatures (others)
  A rat (D:2)
1 creature vanquished.

Grand Total: 60 creatures vanquished

Notes
Turn   | Place    | Note
-------+----------+-------------------------------------------
     0 | D:1      | Flubber the Merfolk Gladiator began the quest for the Orb.
     0 | D:1      | Reached XP level 1. HP: 16/16 MP: 1/1
   306 | D:1      | Reached XP level 2. HP: 21/23 MP: 2/2
   416 | D:1      | Reached skill level 5 in Polearms
   469 | D:1      | Reached XP level 3. HP: 18/28 MP: 3/3
  1369 | D:2      | Reached XP level 4. HP: 32/34 MP: 4/4
  1459 | D:2      | Reached skill level 6 in Polearms
  1710 | D:2      | Reached XP level 5. HP: 30/41 MP: 5/5
  1780 | D:2      | Found a shimmering altar of Xom.
  2114 | D:3      | Killed from afar by an orc priest

Illustrated notes

Levels and vault maps discovered:
D:1:      dpeg_arrival_rooms_with_view, layout_basic, minmay_tetromino_t4
D:2:      layout_basic, tgw_xom
D:3:      minmay_chambers_of_threes, layout_basic, minmay_ogre_servants

Skill      XL: |  1  2  3  4 |
---------------+-------------+-----
Polearms       | 5 6 |  6.2
Fighting       | 3 |  3.2
Throwing       | |  2.7
Dodging        | |  4.9

Action                   |  1- 3 |  4- 6 || total
-------------------------+-------+-------++-------
Melee: Trident           |   110 |       ||   110
       Spear             |    31 |   106 ||   137
Throw: Stone             |     1 |    11 ||    12
  Use: Scroll            |       |     1 ||     1
 Stab: Sleeping          |       |     1 ||     1
Armor: Leather armour    |    10 |    13 ||    23
Dodge: Dodged            |    75 |    43 ||   118

Table legend: (Time is in decaauts)
 A = Elapsed time spent in this place.
 B = Non-inter-level travel time spent in this place.
 C = Inter-level travel time spent in this place.
 D = Time resting spent in this place.
 E = Time spent auto-exploring this place.
 F = Levels seen in this place.
 G = Mean time per level.
                   A        B        C        D        E       F      G
               +--------+--------+--------+--------+--------+-----+--------+
         Total |   2084 |   1862 |    222 |    185 |   1154 |   3 |  694.7 |
       Dungeon |   2084 |   1862 |    222 |    185 |   1154 |   3 |  694.7 |
               +--------+--------+--------+--------+--------+-----+--------+

Top non-repeatable levels by time:
     D:1: 1035 daAuts
     D:2: 887 daAuts
     D:3: 161 daAuts
